 Dungeon Crawl Stone Soup version 0.29.1-12-g30fa7ad0bf (webtiles) character file.

Game seed: 13806694892487973847

92 hawla the Firebug (level 5, -9/38 HPs)
             Began as a Meteoran Fire Elementalist on Jan 7, 2023.
             Mangled by a gnoll
             ... wielding a +0 flail
              (14 damage)
             ... on level 3 of the Dungeon.
             The game lasted 00:04:08 (623 turns).

hawla the Firebug (Meteoran Fire Elementalist)       Turns: 623, Time: 00:04:09

Health: -9/38      AC:  2    Str:  9    XL:     5   Next: 14%
Magic:  3/11       EV: 12    Int: 19    God:
Gold:   53         SH:  0    Dex: 14    Spells: 4/11 levels left

rFire   . . .      SeeInvis .   (no weapon)
rCold   . . .      Faith    .   (no shield)
rNeg    . . .      Spirit   .   a - +0 robe
rPois   .          Reflect  .   (no helmet)
rElec   .          Harm     .   (no cloak)
rCorr   .          Rampage  .   (no gloves)
Will    .....                   (no boots)
Stlth   +.........              (no amulet)
HPRegen 0.12/turn               (no ring)
MPRegen 0.12/turn               (no ring)

@: glowing
A: sense surroundings 1, otherworldly, glowing, explore regen
a: no special abilities


You were on level 3 of the Dungeon.
You visited 1 branch of the dungeon, and saw 3 of its levels.

You collected 53 gold pieces.

Inventory:

Armour
 a - a +0 robe (worn)
Scrolls
 f - 2 scrolls of identify {unknown}
 g - 2 scrolls of immolation {unknown}
 h - a scroll of vulnerability {unknown}
 i - a scroll of blinking {unknown}
 j - a scroll of noise {unknown}
 k - 2 scrolls of fear {unknown}
 l - a scroll of amnesia {unknown}
Potions
 b - 2 potions of magic
 d - a potion of attraction {unknown}
 e - a potion of cancellation


   Skills:
 - Level 2.8 Dodging
 - Level 1.4 Stealth
 - Level 3.8 Spellcasting
 + Level 2.9 Conjurations
 - Level 4.6 Fire Magic


You had 4 spell levels left.
You knew the following spells:

 Your Spells              Type           Power      Damage    Failure   Level
a - Foxfire               Conj/Fire      72%        2x1d7     3%          1
b - Scorch                Fire           42%        2d7       3%          2
c - Flame Wave            Conj/Fire      18%        2d7       28%         4

Your spell library contained the following spells:

 Spells                   Type           Power      Damage    Failure   Level
 Conjure Flame            Conj/Fire      18%        6-21      9%          3
 Inner Flame              Hex/Fire       12%        N/A       16%         3
 Gell's Gravitas          Tloc           3%         N/A       38%         3
 Teleport Other           Tloc           3%         N/A       38%         3
 Dispersal                Tloc           1%         N/A       100%        6


Dungeon Overview and Level Annotations

Branches:
Dungeon (3/15) Zot: 1175

Altars:
Cheibriados

Shops:
D:2 (


Innate Abilities, Weirdness & Mutations

You passively map a small area around you.
You are easily found by Zot.
You glow in the dark.
You regain HP and MP as you explore.


Message History

Casting: Scorch (safe; 3% risk of failure)
Confirm with . or Enter, or press ? or * to list all spells.
You conjure some foxfire!
The foxfire hits the quokka.
You kill the quokka!
Unknown command.
The foxfire hits the kobold.
The kobold is moderately wounded.
Unknown command.
The gnoll hits you with a +0 club.
The gnoll hits you from afar with a +0 halberd!
Casting: Foxfire (safe; 3% risk of failure)
Confirm with . or Enter, or press ? or * to list all spells.
The spell is extremely dangerous to miscast (28% risk of failure)!
Continue anyway?
Casting: Flame Wave (extremely dangerous; 28% risk of failure)
Press: ? - help, Dir - look around, f - activate You miscast Flame Wave.
You are very lightly contaminated with residual magic.
Nothing appears to happen.
The gnoll completely misses you. The gnoll hits you with a +0 club.
The gnoll barely misses you.
Unknown command.
Casting: Flame Wave (extremely dangerous; 28% risk of failure)
Confirm with . or Enter, or press ? or * to list all spells.
The spell is extremely dangerous to miscast (28% risk of failure)!
Continue anyway?
Casting: Flame Wave (extremely dangerous; 28% risk of failure)
Press: ? - help, Dir - look around, f - activate You miscast Flame Wave.
Nothing appears to happen.
The gnoll hits you with a +0 flail! The gnoll hits you with a +0 club.
* * * LOW HITPOINT WARNING * * *
The kobold hits you with a +0 club.
* * * LOW HITPOINT WARNING * * *
The gnoll hits you from afar with a +0 halberd.
* * * LOW HITPOINT WARNING * * *
You feel better. The gnoll hits you with a +0 flail.
* * * LOW HITPOINT WARNING * * *
The gnoll barely misses you. The kobold closely misses you.
The gnoll closely misses you.
It was a potion of cancellation.
You feel magically purged.
Your magical contamination has completely faded away.
The gnoll hits you with a +0 flail!
You die...

######### #.......#
#.......# #.......##
######## #........#
.......# #.@...!...
######.# #Kggg.....
######.########.......P.
,
........................
...###.................P
* ...#
#.....)....##.#...P,
...# #.###.#..#.# ...(..
...###.##....#..# #..P..
.............#.## *#...P
*


You could see 3 gnolls and a kobold.

Vanquished Creatures
  An orc wizard (D:2)
  A gnoll (D:3)
  3 adders
  A dart slug (D:2)
  2 orcs
  2 endoplasms (D:2)
  A giant cockroach (D:2)
  3 hobgoblins
  3 kobolds (D:2)
  2 quokkas
  A ball python (D:2)
  A bat (D:2)
  3 frilled lizards (D:3)
  3 goblins
  3 rats
30 creatures vanquished.

Vanquished Creatures (others)
  55 foxfires
  4 plants (D:3)
59 creatures vanquished.

Grand Total: 89 creatures vanquished

Notes
Turn   | Place    | Note
-------+----------+-------------------------------------------
     0 | D:1      | hawla the Meteoran Fire Elementalist began the quest for
                  | the Orb.
     0 | D:1      | Reached XP level 1. HP: 14/14 MP: 5/5
    79 | D:2      | Reached skill level 4 in Fire Magic
    79 | D:2      | Reached XP level 2. HP: 20/20 MP: 4/7
    82 | D:2      | Learned a level 2 spell: Scorch
   240 | D:2      | Reached XP level 3. HP: 24/26 MP: 4/8
   263 | D:2      | Found Toshruvvo's Weapon Boutique.
   354 | D:3      | Found a snail-covered altar of Cheibriados.
   390 | D:2      | Reached XP level 4. HP: 8/33 MP: 2/10
   505 | D:3      | Learned a level 4 spell: Flame Wave
   606 | D:3      | Reached XP level 5. HP: 38/38 MP: 4/11
   623 | D:3      | Mangled by a gnoll

Illustrated notes

Levels and vault maps discovered:
D:1:      dpeg_arrival_refuge, layout_basic, ebering_ecumenical_altar_box
D:2:      layout_loops_ring, serial_shops, nicolae_diamond_shop,
          minmay_tetromino_o2
D:3:      layout_rooms, mainiacjoe_overflow_boulevard, nicolae_grassy_gnolls

Skill      XL: |  1  2  3  4 |
---------------+-------------+-----
Spellcasting   | 3 |  3.8
Fire Magic     | 4 |  4.6
Conjurations   | 2 |  2.9
Dodging        | |  2.8
Stealth        | |  1.4

Action                   |  1- 3 |  4- 6 || total
-------------------------+-------+-------++-------
Melee: Unarmed           |    16 |       ||    16
 Cast: Foxfire           |    18 |    16 ||    34
       Scorch            |    11 |     6 ||    17
  Use: Potion            |     2 |     2 ||     4
Armor: Robe              |    12 |     2 ||    14
Dodge: Dodged            |    27 |     9 ||    36
